cohdb
Replays
Latest Replays
All Replays
Popular Replays
Top Player Replays
Match Explorer
How It Works
Community
CoH3 Stats
Reddit
Sign in to upload your games and track your stats! →
Sign in with Steam
Match 41035594
Unlisted
Match 41035594
Overview
Messages
Build Orders
End
Panzergrenadier Squad
Selects Panzerjäger Kommand Battlegroup
Selects Blockade Equipment
Panzergrenadier Squad
Panzergrenadier Squad
Construct Light Support Kompanie
Fire Support Elements
Flakvierling Half-track
Selects Tank Busters
Panzerjäger Mechanized Group
Selects Crew Shock Tactics
Veteran Squad Leaders
2.5-tonne Medical Truck
Construct Panzerarmee Kommand
Selects Defensive Positions
Selects Butterfly Bomb Drop
Butterfly Bomb Drop
Panzer III L Medium Tank
Panzer III L Medium Tank
Panzer III L Medium Tank
Tungsten Core Ammunition
RunningFatKids
tadeosotomayor9
DaRtH VaDeRX2020
郑凯文
FeriG
ndydfeixing
TheTableau
Lyara
0
0
Comments
sign in to comment!
No comments posted yet!